 Dungeon Crawl Stone Soup version 0.25-a0-317-g5f8687bca5 (webtiles) character file.

Game seed: 7160631579012499341, levelgen mode: deterministic

203 Fingolfin the Skirmisher (level 6, -9/46 HPs)
             Began as a Halfling Berserker on Dec 26, 2019.
             Was a Believer of Trog.
             Killed by nerve-wracking pain
             ... invoked by a shadow imp
             ... summoned by Natasha
              (13 damage)
             ... on level 3 of the Dungeon.
             The game lasted 00:06:38 (3413 turns).

Fingolfin the Skirmisher (Halfling Berserker)       Turns: 3413, Time: 00:06:39

Health: -9/46      AC:  6    Str: 20    XL:     6   Next: 8%
Magic:  6/6        EV:  8    Int:  5    God:    Trog [**....]
Gold:   120        SH:  0    Dex: 14    Spells: 5/5 levels left

rFire    . . .     SeeInvis .   n - +0 war axe
rCold    . . .     Gourm    .   (shield restricted)
rNeg     . . .     Faith    .   m - +0 scale mail
rPois    .         Spirit   .   (no helmet)
rElec    .         Reflect  .   (no cloak)
rCorr    .         Harm     .   (no gloves)
MR       .....                  (no boots)
Stlth    ..........             (no amulet)
HPRegen  0.15/turn              g - -5 ring of evasion (curse)
MPRegen  0.10/turn              (no ring)

@: slowed, very slow
A: small, mutation resistance 1
a: Berserk, Trog's Hand, Renounce Religion


You were on level 3 of the Dungeon.
You worshipped Trog.
Trog was pleased with you.
You were near starving.

You visited 1 branch of the dungeon, and saw 3 of its levels.

You collected 120 gold pieces.

Inventory:

Hand Weapons
 a - a +0 short sword
 n - a +0 war axe (weapon)
Missiles
 c - 14 sling bullets
 j - 71 stones (quivered)
 s - 4 boomerangs
Armour
 h - a +0 ring mail
 m - a +0 scale mail (worn)
Jewellery
 g - a cursed -5 ring of evasion (left hand)
Scrolls
 b - a scroll of amnesia {unknown}
 e - 5 scrolls of teleportation {unknown}
 f - a scroll of fog {unknown}
 l - 2 scrolls of enchant armour {unknown}
 o - a scroll of identify {unknown}
 q - a scroll of random uselessness {unknown}
 r - a scroll of fear {unknown}
 t - a scroll of enchant weapon {unknown}
Potions
 i - a potion of heal wounds {unknown}
 k - a potion of curing {unknown}
 p - 2 potions of lignification {unknown}
Comestibles
 d - 7 rations


   Skills:
 + Level 5.7 Fighting
 - Level 3.6 Short Blades
 - Level 2.2 Armour
 - Level 2.2 Dodging


You had 5 spell levels left.
You didn't know any spells.
Your spell library was empty.

Dungeon Overview and Level Annotations

Branches:
Dungeon (3/15)

Altars:

Annotations:
D:3 Natasha


Innate Abilities, Weirdness & Mutations

You are small and have problems with some larger weapons.
You are somewhat resistant to further mutation.


Message History

Natasha claws you but does no damage.
You hit Natasha.
Natasha is severely wounded.
You hit the shadow imp.
The shadow imp hits you but does no damage.
Natasha casts a spell at you. The magic dart hits you.
* * * LOW HITPOINT WARNING * * *
The shadow imp hits you.
* * * LOW HITPOINT WARNING * * *
Natasha growls.
Natasha claws you but does no damage. The shadow imp hits you.
* * * LOW HITPOINT WARNING * * *
You closely miss Natasha.
Natasha is severely wounded.
You hit the shadow imp. Natasha claws you.
* * * LOW HITPOINT WARNING * * *
The shadow imp gestures at you. Pain shoots through your body!
You die...

*,,,,,,,,,',,,,,,,,[
*,...,,*,**,,,,,,,,,
*,...,**,***,,,,,,,*
*,#.#***,* **,,,,,**
*,...,,,,* **,,,**
**#.#***** **'** #5#
*,* #h# #.# #@#
##.##
#5##########...##*
#.........#.....**
#########.##...***
##...##.#* *
#.###.#.#### #.#
#.......
#.###.#.####
##...##.#


You could see Natasha, a crimson imp and a shadow imp.

Vanquished Creatures
  An orc wizard (D:3)
  Natasha (twice) (D:3)
  5 adders
  2 oozes (D:3)
  A worm (D:2)
  2 dart slugs
  2 leopard geckos
  9 orcs (D:3)
  A ball python (D:2)
  9 bats
  6 giant cockroaches
  2 goblins
  2 hobgoblins (D:3)
  6 frilled lizards
  6 kobolds
  7 rats
63 creatures vanquished.

Notes
Turn   | Place    | Note
-------+----------+-------------------------------------------
     0 | D:1      | Fingolfin the Halfling Berserker began the quest for the
                  | Orb.
     0 | D:1      | Reached XP level 1. HP: 15/15 MP: 1/1
   123 | D:1      | Reached skill level 3 in Fighting
   123 | D:1      | Reached XP level 2. HP: 18/21 MP: 2/2
   780 | D:2      | Reached XP level 3. HP: 26/26 MP: 3/3
  1263 | D:2      | Reached skill level 4 in Fighting
  1562 | D:3      | Reached ** piety under Trog
  1562 | D:3      | Reached XP level 4. HP: 33/33 MP: 4/4
  1979 | D:3      | Noticed Natasha
  1985 | D:3      | Killed Natasha
  1985 | D:3      | Reached XP level 5. HP: 14/38 MP: 5/5
  2351 | D:3      | Reached skill level 5 in Fighting
  3038 | D:3      | Noticed Natasha
  3041 | D:3      | Killed Natasha
  3041 | D:3      | Reached XP level 6. HP: 45/45 MP: 6/6
  3393 | D:3      | Noticed Natasha
  3413 | D:3      | Killed from afar by a shadow imp

Levels and vault maps discovered:
D:1:      psy_arrival_dodecagon, layout_basic, hex_tiny, hangedman_glass_teeth,
          minmay_misc_feat_plants, columned_hall_lemuel
D:2:      layout_loops_ring, first_ration
D:3:      layout_loops_corners, uniq_natasha

Skill      XL: |  1  2  3  4  5 |
---------------+----------------+-----
Fighting       | 3 4 5 |  5.7
Short Blades   | |  3.6
Armour         | |  2.2
Dodging        | |  2.2

Action                   |  1- 3 |  4- 6 || total
-------------------------+-------+-------++-------
Melee: Short sword       |    58 |       ||    58
       War axe           |    49 |   123 ||   172
Invok: Berserk           |     2 |     4 ||     6
  Eat: Chunk             |     2 |     7 ||     9
       Ration            |       |     1 ||     1
Armor: Animal skin       |     1 |       ||     1
       Ring mail         |    12 |       ||    12
       Scale mail        |    31 |    79 ||   110
Dodge: Dodged            |    65 |    59 ||   124

Table legend:
 A = Non-vault XP
 B = Vault XP
 C = Vault XP percentage of total XP
 D = Non-vault monster count
 E = Vault monster count
 F = Vault count percentage of total count
                 A         B        C        D         E       F
            +---------+---------+-------+---------+---------+-------
      Total |     255 |      35 |  12.1 |      62 |       1 |   1.6
            +---------+---------+-------+---------+---------+-------
        D:1 |      20 |       0 |   0.0 |      11 |       0 |   0.0
        D:2 |      38 |       0 |   0.0 |      16 |       0 |   0.0
        D:3 |     197 |      35 |  15.1 |      35 |       1 |   2.8
            +---------+---------+-------+---------+---------+-------
